AoeStats
← HonorBitch

Arabia

508278233Analyzed
2v2 RM · 11d ago on Sep 21, 2026· 27m 14s· 4 players
Game mode
Random Map
Map size
Medium (4 player)
Population
200
Speed
Normal
Resources
Standard
Victory
Conquest
Starting age
Dark Age
Ending age
Imperial Age
RankedLock teamsTeams togetherTeam positionsShared explorationLock speedFull tech treeHidden civsTurbo modeCheats
Victory
Defeat
🇩🇪 Malians · Germany
1056
+8
🇩🇪 Byzantines · Germany
712
+50
🇺🇾 Romans · Uruguay
986
-20
🇪🇸 Huns · Spain
728
-10
HonorBitch
9:04 Loom
11:38 Feudal Age
12:25 Man-at-Arms
13:51 Wheelbarrow
14:25 Arson
20:04 Double-Bit Axe
24:52 Castle Age
23:47 Forging
27:08 Hand Cart
VitoPedroPiranha
0:28 Loom
12:31 Feudal Age
24:16 Castle Age
23:27 Bloodlines
23:51 Forging
24:05 Scale Barding Armor
25:19 Husbandry
26:00 Iron Casting
svelehe
12:30 Feudal Age
14:04 Wheelbarrow
13:12 Horse Collar
15:39 Double-Bit Axe
20:32 Castle Age
21:19 Gold Mining
24:15 Hand Cart
25:38 Hand Cart
26:08 Bow Saw
26:03 Heavy Plow
Mavto
9:42 Feudal Age
7:57 Loom
12:30 Scale Barding Armor
15:29 Double-Bit Axe
15:57 Forging
18:49 Horse Collar
23:24 Castle Age
21:23 Gold Mining
21:47 Bloodlines
22:39 Wheelbarrow
24:26 Husbandry
25:17 Bow Saw
26:23 Chain Barding Armor
28:10 Iron Casting
Connection lost

Rejoining the realm…

Still unreachable

The connection could not be restored.

Session expired

The server has moved on; the page needs a fresh start.